 Dungeon Crawl Stone Soup version 0.19.1-1-g22dce08 (webtiles) character file.

471 Gargoyl the Skirmisher (level 7, -1/55 (59) HPs)
             Began as a Ghoul Abyssal Knight on Jan 13, 2017.
             Was a Believer of Lugonu.
             Slain by a black bear (2 damage)
             ... on level 5 of the Dungeon.
             The game lasted 00:10:43 (5018 turns).

Gargoyl the Skirmisher (Ghoul Abyssal Knight)       Turns: 5018, Time: 00:10:44

HP:   -1/55 (59)    AC: 14    Str: 16    XL:     7   Next: 9%
MP:   8/8           EV:  0    Int:  7    God:    Lugonu [**....]
Gold: 297           SH: 12    Dex: 10    Spells: 0 memorised, 6 levels left

rFire  . . .     SeeInvis +     y - +0 war axe
rCold  + . .     Gourm    .     d - +0 plate armour
rNeg   + + +     Faith    .     g - +0 large shield
rPois  ∞         Spirit   .     r - +0 helmet
rElec  .         Reflect  .     (no cloak)
rCorr  .         Harm     .     (no gloves)
MR     .....                    q - +0 pair of boots
Stlth  ..........               (no amulet)
                                (no ring)
                                j - ring of see invisible

@: rotting, slowed, very slow
A: rotting body, claws 1, carnivore 3, cold resistance 1, negative energy
resistance 3, slow regeneration 1, torment resistance, unbreathing
a: Depart the Abyss, Bend Space, Renounce Religion


You were on level 5 of the Dungeon.
You worshipped Lugonu.
Lugonu was pleased with you.
You were not hungry.

You visited 1 branch of the dungeon, and saw 5 of its levels.
You visited the Abyss 1 time.

You collected 402 gold pieces.
You spent 105 gold pieces at shops.

Inventory:

Hand Weapons
 a - a +1 hand axe
 y - a +0 war axe (weapon)
Armour
 d - a +0 plate armour (worn)
 g - a +0 large shield (worn)
 q - a +0 pair of boots (worn)
 r - a +0 helmet (worn)
Jewellery
 j - a ring of see invisible (left claw)
Scrolls
 b - 2 scrolls of remove curse {unknown}
 m - 3 scrolls of identify
 o - 3 scrolls of teleportation
 p - 2 scrolls of recharging
 w - a scroll of blinking {unknown}
Potions
 h - a potion of flight
 l - a potion of haste {unknown}
 s - a potion of might {unknown}
 u - a potion of lignification
 v - a potion of resistance {unknown}
 x - a potion of curing {unknown}
 z - a potion of degeneration {unknown}
Books
 e - a book of Minor Magic

   Spells                             Type                      Level
   a - Magic Dart                     Conjuration                  1
   b - Blink                          Translocation                2
   c - Call Imp                       Summoning                    2
   d - Repel Missiles                 Charms/Air                   2
   e - Slow                           Hexes                        2
   f - Conjure Flame                  Conjuration/Fire             3
   g - Mephitic Cloud                 Conjuration/Poison/Air       3
 t - Vehumet's Handbook of Combat Magic
   (You found it on level 3 of the Dungeon)

   Spells                             Type                      Level
   a - Magic Dart                     Conjuration                  1
Comestibles
 c - 3 meat rations
 i - a beef jerky
 n - 2 slices of pizza


   Skills:
 + Level 4.2 Fighting
 + Level 3.7 Axes
 * Level 4.0 Armour
 + Level 1.1 Dodging
 + Level 1.8 Shields
 * Level 3.6 Invocations


You had 6 spell levels left.
You didn't know any spells.

Dungeon Overview and Level Annotations

Branches:
Dungeon (5/15)
 Temple: D:4-7

Altars:
Gozag
Kikubaaqudgha
Nemelex Xobeh
Sif Muna
Trog
Vehumet
The Shining One

Shops:
D:5 (


Innate Abilities, Weirdness & Mutations

Your body is rotting away.
You thrive on raw meat.
You are immune to poison.
You have sharp fingernails.
You are carnivorous and can eat meat at any time.
Your flesh is cold resistant. (rC+)
You are immune to negative energy. (rN+++)
You regenerate slowly when monsters are visible.
You are immune to unholy pain and torment.
You can survive without breathing.


Message History

* * * LOW HITPOINT WARNING * * *
The black bear claws you but does no damage. x2
It was a potion of lignification.
You feel woody for a moment.
The orc wizard hits you but does no damage.
You block the black bear's attack. The black bear claws you.
* * * LOW HITPOINT WARNING * * *
You block the black bear's attack. The orc wizard hits you with a dagger.
* * * LOW HITPOINT WARNING * * *
The black bear bites you but does no damage.
The black bear claws you but does no damage. x2
It was a potion of berserk rage.
You cannot raise a blood rage in your lifeless body.
The orc wizard hits you but does no damage.
The black bear bites you.
* * * LOW HITPOINT WARNING * * *
The black bear claws you.
* * * LOW HITPOINT WARNING * * *
The black bear claws you but does no damage.
You block the orc wizard's attack. The black bear bites you.
You die...

#....#.....#...#.....
....#.....#...#..... .
#...#.....#...#..... ..
#...#.....'...#.....
...##...#.....#...#.....
........#.....#...#....(
........#.....#...'.....
.......ho.....#...#.....
.......@#.....#...#.....
...##...#.....#####.....
#...#.....# #.....
#...#.....# #.....
....#.....# #.....
#....#.....# #.....
#....#.....# #.....
#....#####.# #..... ..#
#.....


You could see a black bear (berserk) and an orc wizard.

Vanquished Creatures
  A phantom (D:5)
  2 orc priests (D:5)
  2 hounds (D:4)
  2 orc wizards (D:5)
  A worker ant (D:3)
  4 gnolls
  7 adders
  An ooze (D:1)
  5 dart slugs
  3 worms
  2 leopard geckos
  3 orcs
  6 bats
  2 giant cockroaches (D:2)
  7 goblins
  7 hobgoblins
  3 quokkas
  3 frilled lizards
  A jackal skeleton (D:4)
  5 kobolds
  10 rats
77 creatures vanquished.

Notes
Turn   | Place    | Note
-------+----------+-------------------------------------------
     0 | Abyss:1  | Gargoyl the Ghoul Abyssal Knight began the quest for the Orb.
     0 | Abyss:1  | Reached XP level 1. HP: 19/19 MP: 1/1
     0 | Abyss:1  | Found a corrupted altar of Lugonu.
    33 | Abyss:2  | Found a corrupted altar of Lugonu.
    33 | Abyss:2  | Noticed a small abomination
    64 | Abyss:3  | Noticed a large abomination
    72 | Abyss:3  | Noticed a worldbinder
    73 | D:1      | Escaped the Abyss
    77 | D:1      | Noticed a vine stalker
    77 | D:1      | Noticed a demonspawn
    79 | D:1      | Noticed a merfolk
    79 | D:1      | Noticed a ghoul
    81 | D:1      | Noticed an ogre
    83 | D:1      | Noticed a minotaur
    85 | D:1      | Noticed an elf
    85 | D:1      | Noticed a troll
    89 | D:1      | Noticed a human
    89 | D:1      | Noticed a vampire
    91 | D:1      | Noticed a halfling
    91 | D:1      | Noticed a draconian
    93 | D:1      | Noticed a gargoyle
    93 | D:1      | Noticed a naga
    95 | D:1      | Noticed a formicid
    95 | D:1      | Noticed an octopode
    97 | D:1      | Noticed a spriggan
    97 | D:1      | Noticed a centaur
    99 | D:1      | Noticed a tengu
    99 | D:1      | Noticed a felid
   101 | D:1      | Noticed a dwarf
   101 | D:1      | Noticed a demigod
   189 | D:1      | Reached XP level 2. HP: 19/26 MP: 2/2
   531 | D:1      | Reached * piety under Lugonu
   824 | D:1      | Reached XP level 3. HP: 33/33 MP: 3/3
  1403 | D:2      | Found an opulent altar of Gozag.
  1403 | D:2      | Found a sparkling altar of Nemelex Xobeh.
  1548 | D:2      | Reached XP level 4. HP: 23/40 MP: 4/4
  1926 | D:2      | Found a glowing golden altar of the Shining One.
  1926 | D:2      | Found a bloodstained altar of Trog.
  2839 | D:3      | Reached XP level 5. HP: 42/46 MP: 6/6
  3001 | D:3      | Found an ancient bone altar of Kikubaaqudgha.
  3079 | D:3      | Found a deep blue altar of Sif Muna.
  3081 | D:3      | Found a radiant altar of Vehumet.
  3093 | D:3      | Identified Vehumet's Handbook of Combat Magic
  3333 | D:3      | Reached ** piety under Lugonu
  3333 | D:3      | Reached skill level 1 in Dodging
  3333 | D:3      | Reached skill level 1 in Shields
  3767 | D:4      | Reached XP level 6. HP: 47/52 MP: 7/7
  4033 | D:5      | Entered Level 5 of the Dungeon
  4444 | D:5      | Noticed a phantom
  4560 | D:5      | Killed a phantom
  4560 | D:5      | Reached XP level 7. HP: 12/56 MP: 8/8
  4829 | D:5      | Found Saicav's Antique Weapon Boutique.
  4838 | D:5      | Bought a war axe for 105 gold pieces
  5018 | D:5      | HP: 1/55 [black bear (3)]
  5018 | D:5      | Slain by a black bear

Skill      XL: |  1  2  3  4  5  6  7 |
---------------+----------------------+-----
Armour         | 2 3 4 |  4.0
Axes           | 2 3 |  3.7
Dodging        | 1 |  1.1
Shields        | 1 |  1.8
Invocations    | 3 |  3.6
Fighting       | 4 |  4.2

Action                   |  1- 3 |  4- 6 |  7- 9 || total
-------------------------+-------+-------+-------++-------
Melee: Hand axe          |   179 |   314 |       ||   493
       War axe           |       |       |    21 ||    21
Invok: Depart the Abyss  |     1 |       |       ||     1
  Use: Potion            |     1 |       |     2 ||     3
       Scroll            |     3 |     3 |     1 ||     7
  Eat: Chunk             |    12 |    30 |     2 ||    44
Armor: Plate armour      |   142 |   228 |    67 ||   437
Dodge: Dodged            |     8 |     7 |     2 ||    17
Block: Large shield      |    94 |   181 |    32 ||   307
